Description

zerg test

Replay - upload

Build Order

Get SALT Encoding   

  12  0:01  Drone  
  13  0:18  Overlord  
  13  0:23  Drone  
  14  0:43  Drone x3  
  17  1:12  Hatchery  
  17  1:18  Drone x2  
  18  1:33  Drone  
  19  1:48  Drone  
  20  1:54  Spawning Pool  
  19  2:03  Drone  
  19  2:08  Extractor  
  19  2:19  Overlord  
  20  3:01  Queen x2  
  20  3:02  Zergling x4  
  32  3:41  Hatchery  
  32  4:04  Queen x2  
  36  4:10  Overlord x2  
  45  5:14  Overlord  
  45  5:21  Lair  
  45  5:23  Metabolic Boost  
  49  5:45  Queen  
  51  5:54  Extractor x2  
  55  6:28  Zergling x16  
  67  6:53  Roach Warren  
Spawning Tool Build Advisor. Get it on Overwolf

Analysis

trying out new tools

Go to:

Details

  • Created by: nopiscougar
  • Published on: May 13, 2020
  • Modified on: May 13, 2020
  • Patch: 4.11.0
Show
View Real Time Build Order
Export as new Build Order

Comments (0)

There are no comments. Be the first!

Create an account to comment!